 Dungeon Crawl Stone Soup version 0.30.1-6-gbe392663c4 (webtiles) character file.

Game seed: 6696138058607228477

116 Peloso the Slasher (level 4, -1/40 HPs)
             Began as a Minotaur Fighter on Sept 20, 2023.
             Slain by Duvessa
             ... wielding a +0 short sword
              (3 damage)
             ... on level 4 of the Dungeon.
             The game lasted 00:03:42 (2257 turns).

Peloso the Slasher (Minotaur Fighter)               Turns: 2257, Time: 00:03:43

Health: -1/40      AC:  7    Str: 21    XL:     4   Next: 70%
Magic:  3/3        EV:  9    Int:  5    God:
Gold:   179        SH:  4    Dex: 11    Spells: 3/3 levels left

rFire   . . .        a - +0 long sword
rCold   . . .        c - +0 buckler
rNeg    . . .        b - +0 scale mail
rPois   .            (helmet restricted)
rElec   .            (no cloak)
rCorr   .            (no gloves)
SInv    .            (no boots)
Will    .....        (no amulet) Stlth
                     (no ring)
HPRegen 0.26/turn    (no ring)
MPRegen 0.08/turn

%: no passive effects
@: mighty
A: horns 2, retaliatory headbutt
a: no special abilities


You were on level 4 of the Dungeon.
You visited 1 branch of the dungeon, and saw 4 of its levels.

You collected 179 gold pieces.

Inventory:

Hand Weapons
 a - a +0 long sword (weapon)
Armour
 b - a +0 scale mail (worn)
 c - a +0 buckler (worn)
Scrolls
 f - a scroll of teleportation
 g - a scroll of blinking {unknown}
 h - a scroll of identify
 j - a scroll of amnesia
 k - a scroll of poison {unknown}
 l - a scroll of fog {unknown}
 m - a scroll of silence {unknown}
 n - a scroll of enchant armour {unknown}
Potions
 e - a potion of lignification {unknown}
 i - a potion of curing {unknown}


   Skills:
 + Level 4.0 Fighting
 + Level 4.6 Long Blades
 + Level 4.1 Armour
 + Level 0.7 Dodging
 + Level 0.1 Stealth
 + Level 4.3 Shields


You had 3 spell levels left.
You didn't know any spells.
Your spell library was empty.

Dungeon Overview and Level Annotations

Branches:
Dungeon (4/15)
 Temple: D:4-7

Altars:
Sif Muna

Annotations:
D:4 Blork the orc, Dowan, Duvessa


Innate Abilities, Weirdness & Mutations

You have a pair of horns on your head.
You reflexively headbutt those who attack you in melee.


Message History

You hit the worm. You headbutt the worm.
You kill the worm!
Your Fighting skill increases to level 4!
You see here a worm corpse.
Dowan, Brother of Duvessa comes into view.
He is wielding a +0 dagger.
Dowan shouts!
You hear a shout!
Dowan casts a spell at you. The puff of flame hits you!
Found 3 stones.
Duvessa, Sister of Dowan comes into view.
She is wielding a +0 short sword and wearing a +2 scale mail of willpower.
Dowan smirks and points a slender finger.
Dowan casts a spell at you. The puff of frost hits you!
Duvessa attacks as you move away! Duvessa barely misses you.
Dowan gestures wildly while chanting.
Dowan blinks!
You feel very mighty all of a sudden. Duvessa hits you with a +0 short sword.
You hit Duvessa.
Duvessa is lightly wounded.
Duvessa hits you with a +0 short sword!
* * * LOW HITPOINT WARNING * * *
Dowan says, "My weaknesses are her strengths!"
You hit Duvessa.
Duvessa is moderately wounded.
Duvessa hits you with a +0 short sword.
* * * LOW HITPOINT WARNING * * *
You slash Duvessa!
Duvessa is heavily wounded.
Duvessa barely misses you.
You hit Duvessa.
Duvessa is severely wounded.
Duvessa hits you with a +0 short sword.
* * * LOW HITPOINT WARNING * * *
Dowan casts a spell at Duvessa.
Duvessa seems to speed up.
Duvessa misses you.
You hit Duvessa.
Duvessa is severely wounded.
Duvessa hits you with a +0 short sword.
You die...

#######...........##
#..................###
#...<................#
#................###...
#......#.#....##.#
######.....#...#.###
#..#....#.....#
#..#.#..###†#.#
....#.#..# #@#...
#.##.#.#...##e# #..# #.
#...#<.....# #... #
...#####.e.### ###
..##.........## .
#....##.#..###.
#..............
.....(........#
#....#######...


You could see Duvessa (fast) and Dowan.

Vanquished Creatures
  A hound (D:3)
  3 adders
  A worm (D:4)
  7 orcs (D:3)
  5 ball pythons
  3 bats
  3 endoplasms
  2 giant cockroaches
  A goblin (D:1)
  7 hobgoblins
  5 frilled lizards
  8 kobolds
  3 rats
49 creatures vanquished.

Notes
Turn   | Place    | Note
-------+----------+-------------------------------------------
     0 | D:1      | Peloso the Minotaur Fighter began the quest for the Orb.
     0 | D:1      | Reached XP level 1. HP: 19/19 MP: 0/0
   163 | D:1      | Reached XP level 2. HP: 27/27 MP: 1/1
  1014 | D:2      | Found a faded altar of an unknown god.
  1032 | D:2      | Reached XP level 3. HP: 33/33 MP: 2/2
  1603 | D:3      | Reached XP level 4. HP: 40/40 MP: 3/3
  2011 | D:3      | Found a shimmering blue altar of Sif Muna.
  2172 | D:4      | Noticed Blork the orc
  2242 | D:4      | Noticed Dowan
  2243 | D:4      | Noticed Duvessa
  2256 | D:4      | HP: 2/40 [Duvessa/+0 short sword (5)]
  2257 | D:4      | Slain by Duvessa

Illustrated notes

Levels and vault maps discovered:
D:1:      lemuel_arrival_cross, layout_basic,
          hangedman_abyss_or_decor_lesser_grid
D:2:      layout_loops_corners, hellmonk_ecumenical_altar_slurped_away
D:3:      layout_rooms, nicolae_sif_muna_little_library, serial_aquarium,
          aquarium_bridge_square [aquarium_subvault_bridge,
          aquarium_subvault_bridge, aquarium_subvault_window,
          aquarium_subvault_wall], aquarium_bridge_straight
          [aquarium_subvault_bridge, aquarium_subvault_balcony,
          aquarium_subvault_bridge, aquarium_subvault_wall],
          aquarium_window_corridor_2, aquarium_window_1, aquarium_window_corner,
          aquarium_view_2g, aquarium_balcony_3a
D:4:      layout_rooms, mainiacjoe_overflow_boulevard,
          nemelex_diamond_rough_becter, mainiacjoe_overflow_24_doors,
          uniq_duvessa, uniq_blork_the_orc

Skill      XL: |  1  2  3  4 |
---------------+-------------+-----
Shields        | 4 |  4.3
Long Blades    | 3 4 |  4.6
Armour         | 4 |  4.1
Fighting       | 4 |  4.0
Dodging        | |  0.7
Stealth        | |  0.1

Action                     |  1- 3 |  4- 6 || total
---------------------------+-------+-------++-------
  Melee: Long sword        |    82 |    27 ||   109
         Headbutt          |     9 |     5 ||    14
    Use: Potion            |     3 |     1 ||     4
         Scroll            |     2 |       ||     2
 Armour: Scale mail        |    43 |     8 ||    51
  Dodge: Dodged            |    38 |     6 ||    44
  Block: Buckler           |    24 |     5 ||    29
